 Dungeon Sprint DCSS version 0.31-b1-22-gc680215f68 (webtiles) character file.

Game seed: 3832475080626988715

6 Groucho the Shield-Bearer (level 1, -1/14 HPs)
             Began as a Gargoyle Fighter on Jan 18, 2024.
             Was a Follower of Qazlal.
             Frozen to death by an endoplasm (4 damage)
             ... in the Dungeon (Sprint VII: "The Pits").
             The game lasted 00:00:43 (88 turns).

Groucho the Shield-Bearer (Gargoyle Fighter)          Turns: 88, Time: 00:00:44

Health: -1/14      AC:  9    Str: 19    XL:     1   Next: 90%
Magic:  2/2        EV:  6    Int:  8    God:    Qazlal [*.....]
Gold:   0          SH:  6    Dex:  9    Spells: 0/0 levels left

rFire   . . .        a - +2 mace
rCold   . . .        c - +0 buckler
rNeg    + . .        b - +0 scale mail
rPois   ∞            (no helmet)
rElec   +            (no cloak)
rCorr   .            (no gloves)
SInv    .            (no boots)
Will    .....        (no amulet) Stlth
                     (no ring)
HPRegen 0.22/turn    (no ring)
MPRegen 0.08/turn

%: no teleportation
@: constricted
A: sickness immunity, AC +2, negative energy resistance 1, electricity
resistance, torment resistance 1, petrification resistance
a: Renounce Religion


You were in the Dungeon.
You worshipped Qazlal.
Qazlal was aware of your devotion.
You visited 1 branch

Inventory:

Hand Weapons
 a - a +2 mace (weapon)
Armour
 b - a +0 scale mail (worn)
 c - a +0 buckler (worn)
Scrolls
 j - a scroll of blinking
 l - 2 scrolls of vulnerability
 m - 5 scrolls of amnesia
 n - a scroll of butterflies
Potions
 d - a potion of might
 e - a potion of curing
 f - a potion of heal wounds
 g - a potion of haste
 h - 4 potions of magic
 i - 3 potions of berserk rage
 k - 2 potions of invisibility


   Skills:
 + Level 3.6 Fighting
 + Level 2.3 Maces & Flails
 + Level 3.6 Armour
 + Level 0.8 Dodging
 + Level 3.6 Shields
 * Level 1.7 Invocations


You couldn't memorise any spells.
You didn't know any spells.
Your spell library was empty.

Dungeon Overview and Level Annotations

Branches:
Dungeon (1/1)

Altars:
Ashenzari
Cheibriados
Dithmenos
Elyvilon
Fedhas
Gozag
Hepliaklqana
Kikubaaqudgha
Makhleb
Nemelex Xobeh
Okawaru
Qazlal
Ru
Sif Muna
Trog
Uskayaw
Vehumet
Wu Jian
Xom
Yredelemnul
Zin
The Shining One
Jiyva
Lugonu


Innate Abilities, Weirdness & Mutations

You are immune to sickness and miasma.
Your stone body is resilient. (AC +2)
You are immune to poison.
You resist negative energy. (rN+)
You are resistant to electric shocks. (rElec)
You are resistant to unholy torment.
You are immune to petrification.


Message History

You closely miss the jackal.
The jackal is heavily wounded.
The jackal barely misses you. The jackal closely misses you.
You sock the jackal!
You kill the jackal!
Qazlal accepts your kill.
No target in view!
There is an open door, spattered with blood here.
Things that are here:
a jackal corpse; a jackal corpse You open the door.
An endoplasm comes into view.
A ball python skeleton comes into view.
The endoplasm freezes you.
You are frozen.
The ball python skeleton closely misses you.
The ball python skeleton grabs you.
The ball python skeleton constricts you.
There is an open door here.
Unknown command.
You hit the ball python skeleton.
The ball python skeleton is almost destroyed.
The endoplasm jiggles.
The endoplasm freezes you.
You are frozen.
You block the ball python skeleton's attack.
The ball python skeleton constricts you.
You barely miss the ball python skeleton.
The ball python skeleton is almost destroyed.
The endoplasm freezes you.
You are frozen.
* * * LOW HITPOINT WARNING * * *
You block the ball python skeleton's attack.
The ball python skeleton constricts you.
* * * LOW HITPOINT WARNING * * *
You block the ball python skeleton's attack.
The ball python skeleton constricts you.
The endoplasm freezes you.
You are frozen.
You die...

#_________.#
#_______...###########
##########'##.........
#..(.')))).##......#..
##########.##.........
#...........'.........
+#####†#####......#..
#.Z#..# #.........
#.J@..+ ####'#####
##+#### #.......#
#.......# #.......#
#...<...# #.......#
#.......# #.......#
#########


You could see an endoplasm and a ball python skeleton.

Vanquished Creatures
  4 jackals (D)
  A rat (D)
5 creatures vanquished.

Notes
Turn   | Place    | Note
-------+----------+-------------------------------------------
     0 | D        | Groucho the Gargoyle Fighter began the quest for the Orb.
     0 | D        | Reached XP level 1. HP: 14/14 MP: 1/1
    39 | D        | Found a bloodstained altar of Trog.
    39 | D        | Found a shimmering blue altar of Sif Muna.
    39 | D        | Found a viscous altar of Jiyva.
    39 | D        | Found a hazy altar of Hepliaklqana.
    39 | D        | Found an opulent altar of Gozag.
    40 | D        | Found a glowing golden altar of the Shining One.
    40 | D        | Found a glowing silver altar of Zin.
    40 | D        | Found a basalt altar of Yredelemnul.
    40 | D        | Found a shimmering altar of Xom.
    40 | D        | Found an ornate altar of the Wu Jian Council.
    40 | D        | Found a sacrificial altar of Ru.
    40 | D        | Found a stormy altar of Qazlal.
    40 | D        | Found an iron altar of Okawaru.
    40 | D        | Found a sparkling altar of Nemelex Xobeh.
    40 | D        | Found a burning altar of Makhleb.
    40 | D        | Found a blossoming altar of Fedhas.
    40 | D        | Found a white marble altar of Elyvilon.
    40 | D        | Found a shadowy altar of Dithmenos.
    40 | D        | Found a snail-covered altar of Cheibriados.
    42 | D        | Found a radiant altar of Vehumet.
    42 | D        | Found a corrupted altar of Lugonu.
    43 | D        | Found a hide-covered altar of Uskayaw.
    43 | D        | Found an ancient bone altar of Kikubaaqudgha.
    43 | D        | Found a broken altar of Ashenzari.
    47 | D        | Became a worshipper of Qazlal Stormbringer
    60 | D        | Reached skill level 1 in Invocations
    68 | D        | Reached * piety under Qazlal
    88 | D        | Frozen to death by an endoplasm

Illustrated notes

Levels and vault maps discovered:
D:        pitsprint [storerooms_1, entrance_room_1, metal_vault_6, armoury_2,
          mini_pit_1, grid_room_1, main_hall_1, silver_pit, the_coven_2,
          the_vestibule_1, steel_vault_1, golden_pit, hallway_of_sentries,
          crystal_vault_2, iron_vault_3, final_vault]

Skill      XL: |  1 |
---------------+----+-----
Invocations    | 1 |  1.7
Fighting       | |  3.6
Maces & Flails | |  2.3
Armour         | |  3.6
Dodging        | |  0.8
Shields        | |  3.6

Action                     || total
---------------------------++-------
  Melee: Mace              ||    25
         Flail             ||     2
 Armour: Scale mail        ||    17
  Dodge: Dodged            ||    24
  Block: Buckler           ||     6
